 Dungeon Crawl Stone Soup version 0.21.1-1-g345015f (webtiles) character file.

60 inc the Chiller (level 3, 0/21 HPs)
             Began as a Felid Ice Elementalist on Mar 3, 2018.
             Succumbed to an adder's poison
             ... on level 3 of the Dungeon.
             The game lasted 00:02:35 (2277 turns).

inc the Chiller (Felid Ice Elementalist)            Turns: 2277, Time: 00:02:35

Health: 0/21       AC: 21    Str:  9    XL:     3   Next: 82%
Magic:  7/7        EV:  4    Int: 17    God:
Gold:   72         SH:  0    Dex: 16    Spells: 5/6 levels left
                                        Lives:  0   Deaths: 0

rFire    . . .     SeeInvis +   (weapon unavailable)
rCold    . . .     Gourm    .   (shield unavailable)
rNeg     + + +     Faith    .   (armour unavailable)
rPois    +         Spirit   .   (helmet unavailable)
rElec    .         Reflect  .   (cloak unavailable)
rCorr    .         Harm     .   (gloves unavailable)
MR       .....     NoTele   +   (boots unavailable)
Stlth    ++........             (no amulet)
HPRegen  0.07/turn              (no ring)
MPRegen  0.10/turn              (no ring)

@: mighty, lethally poisoned (0 -> -6), tree-form, hasted, very quick
A: very small, no armour, no weapons or thrown items, stealth, see invisible,
carnivore, slow metabolism 1
a: no special abilities


You were on level 3 of the Dungeon.
You were not hungry.
You were a tree.
You visited 1 branch of the dungeon, and saw 3 of its levels.

You collected 72 gold pieces.

Inventory:

Wands
 f - a wand of digging (17)
Scrolls
 d - 2 scrolls of teleportation {unknown}
 e - a scroll of remove curse {unknown}
Potions
 h - a potion of might
Books
 a - a book of Frost

   Spells                             Type                      Level
   a - Freeze                         Ice                          1
   b - Throw Frost                    Conjuration/Ice              2
   c - Ozocubu's Armour               Charms/Ice                   3
   d - Throw Icicle                   Conjuration/Ice              4
   e - Summon Ice Beast               Ice/Summoning                4
Comestibles
 b - 8 rations


   Skills:
 - Level 2.6 Dodging
 - Level 2.6 Stealth
 - Level 2.0 Spellcasting
   Level 0.8 Conjurations
 + Level 4.3 Ice Magic


You had 5 spell levels left.
You knew the following spells:

 Your Spells              Type           Power        Failure   Level  Hunger
a - Freeze                Ice            ###.         3%          1    #......


Dungeon Overview and Level Annotations

Branches:
Dungeon (3/15)

Altars:
Makhleb


Innate Abilities, Weirdness & Mutations

You cannot wear armour.
You are incapable of wielding weapons or throwing items.
Your paws allow you to move quietly. (Stealth)
((You have sharp claws.))
((You have razor-sharp teeth.))
You have supernaturally acute eyesight. (SInv)
You are carnivorous and can eat meat at any time.
((You cover ground quickly.))
((You are covered in fur. (AC +1)))
You have a slow metabolism.
((Your sharp claws are effective at attacking unaware monsters.))


Message History

You can't see any susceptible monsters within range! (Use Z to cast anyway.) Unknown command.
You feel sick.
* * * LOW HITPOINT WARNING * * *
You feel sick.
* * * LOW HITPOINT WARNING * * *
You feel sick.
You see here a scroll labeled WEAMIC COAQORGH.
It was a potion of might.
You feel very mighty all of a sudden.
* * * LOW HITPOINT WARNING * * *
You feel sick.
It was a potion of lignification.
You turn into a tree.
Your roots penetrate the ground.
It was a potion of haste.
You feel yourself speed up.
* * * LOW HITPOINT WARNING * * *
You feel sick.
* * * LOW HITPOINT WARNING * * *
You feel sick.
You die...

#.............+
###.......#.###
...........##
####.#.......#
...........#
............#
.......[....#
##.#......?# #
###...♣##
...##....##
..........#
..........#
......†...#
.>......$.+
..........#
..........#
..........#


There were no monsters in sight!

Vanquished Creatures
  2 adders
  2 oozes (D:1)
  A dart slug (D:2)
  A leopard gecko (D:2)
  2 giant cockroaches
  5 goblins
  6 hobgoblins
  2 kobolds (D:1)
  A ball python (D:1)
  5 bats
  2 frilled lizards (D:1)
  2 rats
31 creatures vanquished.

Notes
Turn   | Place    | Note
-------+----------+-------------------------------------------
     0 | D:1      | inc the Felid Ice Elementalist began the quest for the Orb.
     0 | D:1      | Reached XP level 1. HP: 7/7 MP: 4/4
   212 | D:1      | Reached skill level 3 in Ice Magic
   269 | D:1      | Reached XP level 2. HP: 3/11 MP: 4/6
  1203 | D:1      | Reached XP level 3. HP: 14/14 MP: 4/7
  1749 | D:2      | Reached skill level 4 in Ice Magic
  1902 | D:2      | Found a burning altar of Makhleb.
  2273 | D:3      | HP: 1/21 [poisoned by an adder]
  2277 | D:3      | Succumbed to an adder's poison

Skill      XL: |  1  2  3 |
---------------+----------+-----
Ice Magic      | 3 4 |  4.3
Dodging        | |  2.6
Stealth        | |  2.6
Spellcasting   | |  2.0
Conjurations   | |  0.8

Action                   || total
-------------------------++-------
Melee: Unarmed           ||    23
       Bite              ||     2
 Cast: Freeze            ||    35
  Use: Potion            ||     3
 Stab: Sleeping          ||    10
  Eat: Chunk             ||     2
Armor: Skin              ||     6
Dodge: Dodged            ||    26
